 Dungeon Crawl Stone Soup version 0.24-a0-243-g8f5f5cd (webtiles) character file.

Game seed: 17329856238984737405

1907 Ijustatesigmund the Chopper (level 9, -10/63 HPs)
             Began as an Octopode Fighter on Apr 9, 2019.
             Mangled by an orc warrior
             ... wielding a +0 flail
              (21 damage)
             ... on level 7 of the Dungeon.
             The game lasted 00:09:58 (5945 turns).

Ijustatesigmund the Chopper (Octopode Fighter)      Turns: 5945, Time: 00:09:59

Health: -10/63     AC:  1    Str: 16    XL:     9   Next: 16%
Magic:  18/18      EV: 15    Int: 15    God:
Gold:   405        SH: 12    Dex: 15    Spells: 8/8 levels left

rFire    + . .     SeeInvis .   a - +0 war axe
rCold    . . .     Gourm    .   b - +2 shield
rNeg     . . .     Faith    .   (helmet restricted)
rPois    .         Spirit   .   (no amulet)
rElec    +         Reflect  .   n - ring of stealth
rCorr    .         Harm     .   r - ring of teleportation (curse)
MR       .....     Clarity  +   s - ring of Touj {rElec MP+9} Stlth +++.......Rnd*Tele +
                                y - +3 ring of dexterity
HPRegen  0.20/turn              (no ring)
MPRegen  0.16/turn              (no ring)
                                (no ring)
                                (no ring)

@: brilliant
A: almost no armour, stealthy swim, amphibious, 8 rings, constrict 8, camouflage
1, clarity, clumsy 1, fire resistance 1, gelatinous body 1
a: no special abilities


You were on level 7 of the Dungeon.
You were not hungry.

You visited 1 branch of the dungeon, and saw 7 of its levels.

You collected 429 gold pieces.
You spent 24 gold pieces at shops.

Inventory:

Hand Weapons
 a - a +0 war axe (weapon)
Missiles
 w - 7 steel javelins (quivered)
Armour
 b - a +2 shield (worn)
Jewellery
 n - a ring of stealth (left tentacle)
 r - a cursed ring of teleportation (right tentacle)
 s - the ring of Touj (on tentacle) {rElec MP+9}
   (You found it on level 4 of the Dungeon)

   [ring of magical power]

   It insulates you from electricity.
   It affects your magic capacity (+9).
 y - a +3 ring of dexterity (on tentacle)
Wands
 g - a wand of clouds (1)
 p - a wand of disintegration (5)
 t - a wand of digging (3)
Scrolls
 h - 2 scrolls of fog
 j - 4 scrolls of immolation
 k - a scroll of fear
 m - a scroll of teleportation
 x - 2 scrolls of identify
 z - a scroll of blinking
 A - a scroll of remove curse
 B - a scroll of amnesia
 C - a scroll of acquirement {unknown}
Potions
 c - a potion of might
 e - 5 potions of agility
 f - 2 potions of resistance
 i - 3 potions of curing
 l - 2 potions of haste
 o - a potion of mutation
 q - a potion of ambrosia {unknown}
 u - 2 potions of brilliance
 v - a potion of flight {unknown}
Comestibles
 d - 17 rations


   Skills:
 + Level 6.8 Fighting
 + Level 7.1 Axes
 + Level 5.8 Dodging
 + Level 5.8 Shields


You had 8 spell levels left.
You didn't know any spells.
Your spell library was empty.

Dungeon Overview and Level Annotations

Branches:
Dungeon (7/15)             Temple (0/1) D:4

Altars:
Ru

Shops:
D:5 *


Innate Abilities, Weirdness & Mutations

You cannot wear most types of armour.
You are very stealthy in the water. (Stealth+)
You are amphibious.
You can wear up to eight rings at the same time.
You can use your tentacles to constrict eight enemies at once.
Your skin changes colour to match your surroundings (Stealth+).
Your rubbery body absorbs attacks. (AC +1, EV +1)
You possess an exceptional clarity of mind.
You are clumsy. (Dex -2)
Your flesh is heat resistant. (rF+)


Message History

The orc warrior is moderately wounded.
You constrict the orc warrior. The orc warrior barely misses you.
You hit the orc warrior but do no damage.
The orc warrior is moderately wounded.
You constrict the orc warrior.
The orc warrior hits you with a +0 flail!!
* * * LOW HITPOINT WARNING * * *
You are too injured to fight recklessly!
You are too injured to fight recklessly!
You are too injured to fight recklessly!
You are too injured to fight recklessly!
You are too injured to fight recklessly!
You are too injured to fight recklessly!
You are too injured to fight recklessly!
You are too injured to fight recklessly!
It was a potion of brilliance.
You feel clever all of a sudden.
You constrict the orc warrior.
The orc warrior hits you with a +0 flail!!
You die...

#.# #.##...###.########.### #.#
#......................
##.########.####...............##
............# #)###.########..#
##.########.# #.# #.########..##
#.# #.# #(# #)............ #.#
#.# #(# ##.#######.)÷# #†# #.#
#.# . #...÷† #.# #.# #@#
####..... #.# #.# #o# #........
#.# #.# #.. #.###...# #.. #.#
#..# # ##.## ### #.# #.$# #.# #.#
#..# #.# #.# #..# #. #.# #..# #.
#.# ..###. .# #.


You could see an orc warrior.

Vanquished Creatures
  A sky beast (D:7)
  A phantom (D:5)
  A necrophage (D:7)
  2 ogres
  2 centaurs (D:7)
  3 bullfrogs
  2 scorpions
  5 howler monkeys
  A bullfrog zombie (D:5)
  A jelly (D:5)
  5 orc priests
  A bullfrog skeleton (D:4)
  4 hounds
  2 orc wizards
  6 worker ants
  4 gnolls (D:3)
  7 adders
  3 oozes
  An adder zombie (D:5)
  5 worms
  A dart slug (D:1)
  4 leopard geckos
  24 orcs
  5 bats
  5 giant cockroaches
  10 goblins
  9 hobgoblins
  18 jackals
  13 kobolds
  3 quokkas
  A ball python (D:3)
  2 frilled lizards
  2 leopard gecko skeletons (D:4)
  A quokka skeleton (D:6)
  9 rats
164 creatures vanquished.

Notes
Turn   | Place    | Note
-------+----------+-------------------------------------------
     0 | D:1      | Ijustatesigmund the Octopode Fighter began the quest for
                  | the Orb.
     0 | D:1      | Reached XP level 1. HP: 16/16 MP: 1/1
   108 | D:1      | Reached XP level 2. HP: 20/21 MP: 2/2
   148 | D:1      | Reached skill level 3 in Axes
   516 | D:1      | Reached XP level 3. HP: 19/26 MP: 3/3
  1185 | D:2      | Reached XP level 4. HP: 15/31 MP: 4/4
  1411 | D:2      | Reached skill level 4 in Axes
  2042 | D:2      | Found a sacrificial altar of Ru.
  2105 | D:3      | Reached XP level 5. HP: 28/37 MP: 5/5
  2532 | D:3      | Reached skill level 5 in Axes
  2532 | D:3      | Reached XP level 6. HP: 16/44 MP: 6/6
  2926 | D:4      | Found a staircase to the Ecumenical Temple.
  3323 | D:4      | Reached skill level 5 in Fighting
  3323 | D:4      | Reached XP level 7. HP: 38/50 MP: 7/7
  3428 | D:4      | Got a vibrating tin ring
  3429 | D:4      | Identified the ring of Touj {rElec MP+9} (You found it on
                  | level 4 of the Dungeon)
  3692 | D:5      | Entered Level 5 of the Dungeon
  3692 | D:5      | Found Doery's General Store.
  3695 | D:5      | Bought a scroll of identify for 24 gold pieces
  4026 | D:5      | Reached skill level 6 in Axes
  4026 | D:5      | Reached XP level 8. HP: 29/57 MP: 8/8
  4554 | D:6      | Gained mutation: You are clumsy. (Dex -2) [potion of
                  | mutation]
  4554 | D:6      | Gained mutation: You possess an exceptional clarity of
                  | mind. [potion of mutation]
  4554 | D:6      | Gained mutation: Your flesh is heat resistant. (rF+)
                  | [potion of mutation]
  5512 | D:7      | Found a sacrificial altar of Ru.
  5528 | D:7      | Reached skill level 5 in Dodging
  5528 | D:7      | Reached skill level 5 in Shields
  5860 | D:7      | Reached XP level 9. HP: 61/63 MP: 9/9
  5862 | D:7      | Reached skill level 7 in Axes
  5945 | D:7      | Mangled by an orc warrior

Levels and vault maps discovered:
D:1:      dpeg_arrival_arbitrary_b, layout_basic
D:2:      layout_loops_corners, nicolae_ru_path_of_blood
D:3:      layout_basic, first_ration
D:4:      layout_cave_pools, minmay_temple_entry_trees
D:5:      layout_basic, serial_shops, shop
D:6:      layout_loops_ring
D:7:      minmay_angry_zag, layout_loops_ring, overflow_temple_1_default

Skill      XL: |  1  2  3  4  5  6  7  8  9 |
---------------+----------------------------+-----
Axes           | 3 4 5 6 7 |  7.1
Fighting       | 4 5 6 |  6.8
Dodging        | 4 5 |  5.8
Shields        | 4 5 |  5.8

Action                   |  1- 3 |  4- 6 |  7- 9 || total
-------------------------+-------+-------+-------++-------
Melee: War axe           |    65 |   106 |   140 ||   311
       Tentacles         |    13 |    21 |    39 ||    73
       Constrict         |    15 |    34 |    32 ||    81
Evoke: Wand              |       |     3 |     6 ||     9
  Use: Scroll            |     4 |     2 |     9 ||    15
       Potion            |       |     1 |     2 ||     3
 Stab: Sleeping          |     5 |     5 |     9 ||    19
       Distracted        |       |       |     1 ||     1
  Eat: Chunk             |       |     8 |     8 ||    16
Armor: Skin              |     2 |     4 |     3 ||     9
Dodge: Dodged            |    28 |    48 |    66 ||   142
Block: Shield            |    22 |    48 |    71 ||   141

Table legend:
 A = Non-vault XP
 B = Vault XP
 C = Vault XP percentage of total XP
 D = Non-vault monster count
 E = Vault monster count
 F = Vault count percentage of total count
                 A         B        C        D         E       F
            +---------+---------+-------+---------+---------+-------
      Total |    2725 |       0 |   0.0 |     164 |       0 |   0.0
            +---------+---------+-------+---------+---------+-------
        D:1 |      43 |       0 |   0.0 |      24 |       0 |   0.0
        D:2 |     103 |       0 |   0.0 |      29 |       0 |   0.0
        D:3 |     270 |       0 |   0.0 |      38 |       0 |   0.0
        D:4 |     408 |       0 |   0.0 |      16 |       0 |   0.0
        D:5 |     384 |       0 |   0.0 |      14 |       0 |   0.0
        D:6 |     561 |       0 |   0.0 |      25 |       0 |   0.0
        D:7 |     956 |       0 |   0.0 |      18 |       0 |   0.0
            +---------+---------+-------+---------+---------+-------
